 Dungeon Crawl Stone Soup version 0.28.0 (webtiles) character file.

Game seed: 4431244935243120290

25 enile the Skirmisher (level 3, -2/30 HPs)
             Began as a Formicid Wanderer on Feb 15, 2022.
             Was a Believer of Uskayaw.
             Slain by Grinder (6 damage)
             ... on level 2 of the Dungeon.
             The game lasted 00:02:07 (1733 turns).

enile the Skirmisher (Formicid Wanderer)            Turns: 1733, Time: 00:02:07

Health: -2/30      AC:  7    Str: 18    XL:     3   Next: 20%
Magic:  0/3        EV:  9    Int: 10    God:    Uskayaw [**....]
Gold:   48         SH:  0    Dex: 11    Spells: 2/2 levels left

rFire   + . .      SeeInvis +   a - +0 quarterstaff (vorpal)
rCold   x . .      Faith    .   (no shield)
rNeg    . . .      Spirit   .   p - +1 scale mail "Jasoax Uweo" {SInv}
rPois   .          Reflect  .   (helmet unavailable)
rElec   .          Harm     .   (no cloak)
rCorr   .          Rampage  .   (no gloves)
Will    .....                   (no boots)
Stlth   ..........              (no amulet)
HPRegen 0.10/turn               h - ring of fire
MPRegen 0.08/turn               (no ring)

@: no status effects
A: permanent stasis, dig shafts and tunnels, antennae 3, four strong arms
a: Dig, Shaft Self, Renounce Religion, Stomp, Line Pass


You were on level 2 of the Dungeon.
You worshipped Uskayaw.
Uskayaw was noncommittal.
You visited 1 branch of the dungeon, and saw 3 of its levels.

You collected 48 gold pieces.

Inventory:

Hand Weapons
 a - a +0 vorpal quarterstaff (weapon)
 b - a +0 falchion
 d - a +0 dagger
Missiles
 c - 7 boomerangs (quivered)
Armour
 e - a +0 leather armour
 o - the +1 robe of Surprise {rCorr MP+9 Stlth+}
   (You found it on level 2 of the Dungeon)

   MP:        It affects your magic capacity (+9).
   rCorr:     It protects you from acid and corrosion.
   Stlth:     It makes you more stealthy.
 p - the +1 scale mail "Jasoax Uweo" (worn) {SInv}
   (You found it on level 2 of the Dungeon)

   SInv:      It lets you see invisible.
Jewellery
 h - a ring of fire (left hand)
Scrolls
 i - a scroll of teleportation {unknown}
 k - a scroll of blinking {unknown}
 m - a scroll of silence {unknown}
 n - a scroll of fear {unknown}
Potions
 f - a potion of flight {unknown}
 g - a potion of mutation {unknown}
 j - 3 potions of curing {unknown}
 l - a potion of attraction {unknown}


   Skills:
 - Level 4.0 Fighting
 - Level 1.0 Long Blades
 - Level 3.0 Staves
 - Level 2.0 Throwing
 + Level 1.3 Dodging
 - Level 1.1 Evocations


You had 2 spell levels left.
You didn't know any spells.
Your spell library was empty.

Dungeon Overview and Level Annotations

Branches:
Dungeon (3/15)

Altars:
Uskayaw

Annotations:
D:2 Grinder


Innate Abilities, Weirdness & Mutations

You cannot be hasted, slowed, berserked, paralysed or teleported.
You can dig through walls and to a lower floor.
You have a pair of large antennae on your head. (SInv)
Your four strong arms can wield two-handed weapons with a shield.


Message History

You throw a boomerang. The boomerang closely misses Grinder.
Grinder gestures at you. Pain shoots through your body!
Throw: 9 boomerangs
Press: ? - help, Q - select action, (/) - cycle Shift-Dir - straight line, f/p - Grinder
Aim: Grinder (55% to hit)
You throw a boomerang. The boomerang hits Grinder!
Grinder is moderately wounded.
You can now pass through a line of other dancers.
Throw: 8 boomerangs
Press: ? - help, Q - select action, (/) - cycle Shift-Dir - straight line, f/p - Grinder
Aim: Grinder (moderately wounded, 55% to hit)
You throw a boomerang. The boomerang hits Grinder.
Grinder is moderately wounded.
You sock Grinder!
Grinder is severely wounded.
Grinder hits you.
Uskayaw will force your foes to helplessly watch your dance.
Uskayaw prepares the audience for your solo!
The helpless Grinder fails to defend herself.
You hit Grinder.
Grinder is severely wounded.
Grinder is no longer paralysed.
Grinder hits you but does no damage.
You completely miss Grinder.
Grinder is severely wounded.
Grinder hits you but does no damage.
You hit Grinder but do no damage.
Grinder is severely wounded.
Grinder barely misses you.
You barely miss Grinder.
Grinder is severely wounded.
Grinder gestures at you. Pain shoots through your body!
* * * LOW HITPOINT WARNING * * *
You stomp with the beat, sending a shockwave through the revellers around you!
Grinder is almost dead.
Grinder hits you.
* * * LOW HITPOINT WARNING * * *
You writhe in agony.
You die...

### #.#
#........# ..#
#.# #.....#..#
..# #.#
#.....#..## ..#
#.#
#.....#...####
..# #.#
#######......#
..# #.#
####...#.# ..#
#.#
######..)...#.#
### #.#
#...##.##...#.#
#### #.#
#...##<@5..>#.#
...# #.#
#...##.##.#.#.#
##K# #.#
#...##'##...#.#
#.# #.#
#...........#.#
#.# #.#
##........###.#
#.###.#
#........'...#
#.....#
#........#####
#.†...#
#........#
##...##
##########


You could see Grinder.

Vanquished Creatures
  4 bats
  An endoplasm (D:2)
  3 quokkas
  3 ball pythons
  3 frilled lizards
  6 goblins
  3 kobolds (D:2)
  2 rats
25 creatures vanquished.

Notes
Turn   | Place    | Note
-------+----------+-------------------------------------------
     0 | D:1      | enile the Formicid Wanderer began the quest for the Orb.
     0 | D:1      | enile set off with the following items: a +0 vorpal
                  | quarterstaff, a +0 falchion, 9 boomerangs, a +0 dagger, a
                  | +0 leather armour
     0 | D:1      | Reached XP level 1. HP: 18/18 MP: 1/1
   413 | D:1      | Reached XP level 2. HP: 22/25 MP: 2/2
   975 | D:2      | Identified the +1 robe of Surprise {rCorr MP+9 Stlth+}
   979 | D:2      | Reached skill level 4 in Fighting
   993 | D:2      | Found Citois's Assorted Antiques.
   994 | D:2      | Found a hide-covered altar of Uskayaw.
  1009 | D:2      | Became a worshipper of Uskayaw the Reveller
  1023 | D:2      | Reached * piety under Uskayaw
  1502 | D:2      | Identified the +1 scale mail "Jasoax Uweo" {SInv}
  1542 | D:2      | Reached skill level 1 in Dodging
  1542 | D:2      | Reached XP level 3. HP: 30/30 MP: 3/3
  1704 | D:3      | Noticed Grinder
  1726 | D:2      | Reached ** piety under Uskayaw
  1728 | D:2      | Reached *** piety under Uskayaw
  1733 | D:2      | Slain by Grinder

Illustrated notes

Levels and vault maps discovered:
D:1:      minmay_arrival_diagonal_passages, layout_loops_ring
D:2:      layout_basic, serial_shops, shop, basic_altar
D:3:      layout_basic, uniq_grinder

Skill      XL: |  1  2 |
---------------+-------+-----
Fighting       | 4 |  4.0
Dodging        | 1 |  1.3
Long Blades    | |  1.0
Staves         | |  3.0
Throwing       | |  2.0
Evocations     | |  1.1

Action                   || total
-------------------------++-------
Melee: Quarterstaff      ||    79
       Punch             ||     1
Throw: Boomerang         ||     3
Invok: Stomp             ||     1
 Stab: Paralysed         ||     1
Armor: Leather armour    ||    45
       Scale mail        ||    11
Dodge: Dodged            ||    54
